 Dungeon Crawl Stone Soup version 0.30-a0-953-g5f1da4a474 (webtiles) character file.

Game seed: 16287038203847579920

63 CowFu the Slasher (level 3, -3/27 (31) HPs)
             Began as a Minotaur Fighter on Mar 29, 2023.
             Slain by Terence
             ... wielding a +1 morningstar of draining
              (11 damage)
             ... on level 2 of the Dungeon.
             The game lasted 00:01:07 (1149 turns).

CowFu the Slasher (Minotaur Fighter)                Turns: 1149, Time: 00:01:08

HP:   -3/27 (31)    AC:  6    Str: 22    XL:     3   Next: 87%
MP:   2/2           EV:  9    Int:  5    God:
Gold: 74            SH:  4    Dex:  9    Spells: 2/2 levels left

rFire   . . .      SeeInvis .    a - +0 long sword
rCold   . . .      Faith    .    c - +0 buckler
rNeg    . . .      Spirit   .    b - +0 scale mail
rPois   +          Reflect  .    (helmet restricted)
rElec   .          Rampage  .    (no cloak)
rCorr   .                        (no gloves)
Will    .....                    (no boots) Stlth
                                 (no amulet)
HPRegen 0.24/turn                q - ring of poison resistance
MPRegen 0.08/turn                (no ring)

@: mighty, heavily drained
A: horns 2, retaliatory headbutt
a: no special abilities


You were on level 2 of the Dungeon.
You visited 1 branch of the dungeon, and saw 2 of its levels.

You collected 74 gold pieces.

Inventory:

Hand Weapons
 a - a +0 long sword (weapon)
Armour
 b - a +0 scale mail (worn)
 c - a +0 buckler (worn)
Jewellery
 q - a ring of poison resistance (left hand)
Scrolls
 f - 2 scrolls of poison {unknown}
 g - 3 scrolls of blinking {unknown}
 h - a scroll of immolation {unknown}
 k - a scroll of fear {unknown}
 m - a scroll of enchant weapon {unknown}
 o - a scroll of identify {unknown}
 p - a scroll of vulnerability {unknown}
Potions
 e - 4 potions of heal wounds {unknown}
 i - a potion of cancellation {unknown}
 j - a potion of flight {unknown}
 l - a potion of haste {unknown}
 n - a potion of degeneration {unknown}


   Skills:
 - Level 3.6 Fighting
 + Level 5.1 Long Blades
 - Level 3.6 Armour
 - Level 3.6 Shields


You had 2 spell levels left.
You didn't know any spells.
Your spell library contained the following spells:

 Spells                   Type           Power      Damage    Failure   Level
 Summon Small Mammal      Summ           0%         N/A       88%         1
 Summon Ice Beast         Ice/Summ       0%         N/A       100%        4


Dungeon Overview and Level Annotations

Branches:
Dungeon (2/15)

Altars:

Shops:
D:2 (

Annotations:
D:2 Terence


Innate Abilities, Weirdness & Mutations

You have a pair of horns on your head.
You reflexively headbutt those who attack you in melee.


Message History

You kill the hobgoblin!
A giant cockroach comes into view.
A giant cockroach is nearby!
A giant cockroach is nearby!
A giant cockroach is nearby!
You closely miss the giant cockroach. You headbutt the giant cockroach.
You kill the giant cockroach!
Key pressed, stopping explore.
No target in view!
Key pressed, stopping explore.
No target in view!
You now have 74 gold pieces (gained 6).
Key pressed, stopping explore.
No target in view!
Found a leather armour.
No target in view!
Terence the Incautious comes into view.
He is wielding a +1 morningstar of draining.
Found 10 gold pieces.
Terence shouts!
Terence is nearby!
You hit Terence but do no damage.
Terence hits you with a +1 morningstar of draining!
You feel drained.
Terence is nearby!
You closely miss Terence. You block Terence's attack.
Terence is nearby!
You hit Terence but do no damage.
Terence hits you with a +1 morningstar of draining.
You feel drained.
Terence is nearby!
You hit Terence but do no damage. You block Terence's attack. x2
You feel very mighty all of a sudden.
Terence hits you with a +1 morningstar of draining.
* * * LOW HITPOINT WARNING * * *
You feel drained.
* * * LOW HITPOINT WARNING * * *
You hit Terence.
Terence is lightly wounded.
Terence hits you with a +1 morningstar of draining!
You die...

#....... #.#...#. ###
##.#.#... #.. ........
#.# #..#.##. #.#
#.###... #.# #.......
########[# ###..##.
.$....@@.# #####.###.
########.# #.....# #.
#.######.....# #.
#............# #.
###.####.....# #.
#.####.....# #.
#.##.###.#####.
########.#.#.##.......
..........###.##......


You could see Terence.

Vanquished Creatures
  Robin (D:2)
  3 endoplasms
  3 giant cockroaches
  14 goblins
  5 hobgoblins
  6 jackals (D:1)
  A quokka (D:1)
  3 ball pythons (D:1)
  2 frilled lizards (D:1)
  A kobold (D:1)
  2 rats (D:1)
41 creatures vanquished.

Notes
Turn   | Place    | Note
-------+----------+-------------------------------------------
     0 | D:1      | CowFu the Minotaur Fighter began the quest for the Orb.
     0 | D:1      | Reached XP level 1. HP: 19/19 MP: 0/0
   171 | D:1      | Reached skill level 3 in Long Blades
   235 | D:1      | Reached XP level 2. HP: 26/26 MP: 1/1
   259 | D:1      | Got the Commentary on the Comitatus
   452 | D:1      | Reached skill level 4 in Long Blades
   573 | D:1      | Found a faded altar of an unknown god.
   605 | D:1      | Reached XP level 3. HP: 31/31 MP: 2/2
   843 | D:2      | Found Bevirex's Weapon Shop.
   875 | D:2      | Noticed Robin
   910 | D:2      | Killed Robin
   911 | D:2      | Reached skill level 5 in Long Blades
  1142 | D:2      | Noticed Terence
  1149 | D:2      | Slain by Terence

Illustrated notes

Levels and vault maps discovered:
D:1:      amcnicky_arrival_choice, layout_loops_ring,
          hellmonk_ecumenical_altar_leap_of_faith, minmay_unequal
D:2:      layout_loops_ring, serial_shops, shop, dreamdust_mushroom_princess,
          minmay_misc_feat_square, minmay_misc_feat_secret_circle, uniq_robin,
          uniq_terence

Skill      XL: |  1  2  3 |
---------------+----------+-----
Long Blades    | 3 4 5 |  5.1
Fighting       | |  3.6
Armour         | |  3.6
Shields        | |  3.6

Action                     || total
---------------------------++-------
  Melee: Long sword        ||   104
         Headbutt          ||    13
    Use: Potion            ||     1
 Armour: Scale mail        ||    46
  Dodge: Dodged            ||    39
  Block: Buckler           ||    25

Table legend: (Time is in decaauts)
 A = Elapsed time spent in this place.
 B = Non-inter-level travel time spent in this place.
 C = Inter-level travel time spent in this place.
 D = Time resting spent in this place.
 E = Time spent auto-exploring this place.
 F = Levels seen in this place.
 G = Mean time per level.
                   A        B        C        D        E       F      G
               +--------+--------+--------+--------+--------+-----+--------+
         Total |   1173 |   1143 |     30 |      0 |    900 |   2 |  586.5 |
       Dungeon |   1173 |   1143 |     30 |      0 |    900 |   2 |  586.5 |
               +--------+--------+--------+--------+--------+-----+--------+

Top non-repeatable levels by time:
     D:1: 856 daAuts
     D:2: 316 daAuts
